[Event "Team 45 45 League T31"]
[Site "Internet Chess Club"]
[Date "2006.06.22"]
[Round "1"]
[White "fuzzface"]
[Black "Tomate"]
[Result "0-1"]
[WhiteElo "1376"]
[BlackElo "1379"]
[TimeControl "2700+45"]

1. d4 Nf6 2. g3 g6 3. Bg2 Bg7 4. Bg5 d5 5. e3 O-O 6. Ne2 c6 7. O-O Bg4 8. Nd2
Qb6 9. f3 Be6 10. b3 c5 11. c3 Nc6 12. Rb1 cxd4 13. Nxd4 Nxd4 14. cxd4 Bd7 15.
Re1 Bc6 16. Qc2 Rfe8 17. Qc5 Qc7 18. Bxf6 Bxf6 19. Rbc1 Rac8 20. f4 b6 21. Qc3
Qd7 22. Qb2 e6 23. Nf3 Rc7 24. Ne5 Bxe5 25. fxe5 Rec8 26. Bf1 b5 27. b4 a6 28.
a3 Qe7 29. Bg2 Qg5 30. Qf2 Be8 31. Rc5 Rxc5 32. dxc5 Qxe5 33. Qd2 Qc7 34. Rc1
Bc6 35. Qf2 Rd8 36. Rd1 Qe5 37. e4 d4 38. Qe2 Qc7 39. Bh3 e5 40. Rd3 Qe7 41. Qd2
Bxe4 42. Rb3 Bc6 43. Bg2 e4 44. Bf1 e3 45. Qd1 Qf6 46. Qc2 Qe5 47. Be2 Qd5 48.
Rxe3 {White resigns} 0-1  aics%

[Event "Team 45 45 League T31"]
[Site "Internet Chess Club"]
[Date "2006.06.23"]
[Round "1"]
[White "Dalcon"]
[Black "klt713"]
[Result "1-0"]
[WhiteElo "1366"]
[BlackElo "1293"]
[TimeControl "2700+45"]

1. e4 c5 2. Nf3 e6 3. d4 cxd4 4. Qxd4 Nc6 5. Qa4 Nf6 6. Be2 Be7 7. O-O O-O 8.
Nbd2 d6 9. c3 Bd7 10. Bb5 a6 11. Bxc6 Bxc6 12. Qc2 Nd7 13. b4 Rc8 14. Nd4 Qc7
15. N2f3 Nf6 16. Nd2 b5 17. Bb2 Bb7 18. f3 d5 19. e5 Qxe5 20. Rfe1 Qd6 21. a4
Qb6 22. Qd3 Bd6 23. g3 e5 24. a5 Qa7 25. Nb3 e4 26. fxe4 dxe4 27. Qe2 Rfe8 28.
Kf1 Re7 29. Nf5 Rd7 30. Nxd6 Rxd6 31. Nc5 Ba8 32. Bc1 Bd5 33. Qf2 Ng4 34. Qg1
Rf6+ 35. Bf4 Bc4+ 36. Kg2 Bd5 37. Nxe4 Qxg1+ 38. Kxg1 Bxe4 39. Rxe4 Rxc3 40.
Re8# {Black checkmated} 1-0  aics%

[Event "Team 45 45 League T31"]
[Site "Internet Chess Club"]
[Date "2006.06.23"]
[Round "1"]
[White "ffplayer"]
[Black "GLuft"]
[Result "0-1"]
[WhiteElo "1183"]
[BlackElo "1273"]
[TimeControl "2700+45"]

1. d4 d5 2. c4 c6 3. Nf3 f6 4. Bf4 Nd7 5. Nc3 e6 6. e4 Ne7 7. exd5 cxd5 8. cxd5
Nxd5 9. Nxd5 exd5 10. Bb5 Qa5+ 11. Qd2 Qxb5 12. Qe2+ Qxe2+ 13. Kxe2 Nb6 14. a3
Nc4 15. Bc1 Bd6 16. Re1 O-O 17. Kf1 Bd7 18. b3 Na5 19. Rb1 Rfe8 20. b4 Bb5+ 21.
Kg1 Rxe1+ 22. Nxe1 Re8 23. Nf3 Nc4 24. g3 Ba4 25. Bf4 Bxf4 26. gxf4 Bc2 27. Re1
Rxe1+ 28. Nxe1 Bf5 29. a4 Nd2 30. Kg2 Nb3 31. Nf3 Be4 32. Kg3 h6 33. h4 Bxf3 34.
Kxf3 Nxd4+ 35. Ke3 Nf5+ 36. Kd3 Nxh4 37. Kd4 g5 38. fxg5 fxg5 39. Kxd5 Nf3 40.
Ke4 g4 41. Kf4 h5 42. b5 Kg7 43. a5 Kg6 44. a6 bxa6 45. bxa6 Kf6 46. Kg3 Kg5 47.
Kg2 h4 {White resigns} 0-1  aics%

[Event "Team 45 45 League T31"]
[Site "Internet Chess Club"]
[Date "2006.06.21"]
[Round "1"]
[White "katabatico"]
[Black "DayDream01"]
[Result "0-1"]
[WhiteElo "1214"]
[BlackElo "1136"]
[TimeControl "2700+45"]

1. e4 e5 2. Nf3 Nf6 3. Nc3 d5 4. exd5 e4 5. Qe2 Qe7 6. Ng5 Qe5 7. Ngxe4 Nxd5 8.
Nxd5 Qxd5 9. Ng5+ Be7 10. d3 Nc6 11. c4 Qc5 12. a3 O-O 13. Qh5 h6 14. Be3 Qe5
15. Qe2 Bxg5 16. f4 Bxf4 17. Bxf4 Qxf4 18. g3 Qf6 19. Bg2 Nd4 20. Qd1 Re8+ 21.
Be4 Nf3+ 22. Ke2 Bg4 23. Qf1 Nxh2+ 24. Ke1 Nxf1 25. Rxf1 Qxb2 {White resigns}
0-1  aics%

[Event "Team 45 45 League T31"]
[Site "Internet Chess Club"]
[Date "2006.06.25"]
[Round "1"]
[White "markev"]
[Black "houseofcook"]
[Result "0-1"]
[WhiteElo "1331"]
[BlackElo "1404"]
[TimeControl "2700+45"]

1. d4 Nf6 2. e3 d5 3. Bd3 g6 4. Nd2 Bg7 5. f4 Bg4 6. Ngf3 e6 7. c3 O-O 8. O-O
Nbd7 9. Qe1 c5 10. Qg3 Bf5 11. Be2 c4 12. Ne5 Rc8 13. Kh1 Qa5 14. Nxd7 Nxd7 15.
Nf3 Nf6 16. Ng5 Ne4 17. Qh4 Nxg5 18. Qxg5 Qd8 19. Qg3 a5 20. Bg4 Bd3 21. Rf2 f5
22. Be2 Bxe2 23. Rxe2 b5 24. b3 b4 25. Bd2 Qb6 26. Qf3 cxb3 27. axb3 bxc3 28.
Be1 c2 29. Rc1 Qxb3 30. Qf2 a4 31. Rexc2 Rxc2 32. Rxc2 a3 33. Qe2 Ra8 34. Ra2
Bf8 35. h3 Rb8 36. Kh2 Qb1 37. Bc3 Rb3 38. Ra1 Qe4 39. Qd2 Rb1 40. Ra2 Rb5 41.
h4 Qb1 42. Ra1 Qb3 43. Ra2 Rb7 44. Ba5 Qb2 45. Bc3 Qxd2 46. Bxd2 Rb2 47. Rxa3
Bxa3 48. Bc1 Rb3 49. Bd2 Rd3 50. Be1 Rxe3 51. Bg3 Re4 52. Bf2 Rxf4 53. g3 {White
resigns} 0-1  aics%  ELBONNY(71): por q ofendes moskalenko aics%

[Event "Team 45 45 League T31"]
[Site "Internet Chess Club"]
[Date "2006.06.24"]
[Round "1"]
[White "EyeAm"]
[Black "Midwest-Rook"]
[Result "0-1"]
[WhiteElo "1314"]
[BlackElo "1276"]
[TimeControl "2700+45"]

1. e4 e5 2. Nf3 Nc6 3. Bc4 Bc5 4. c3 d6 5. d4 exd4 6. cxd4 Bb4+ 7. Bd2 Bxd2+ 8.
Nbxd2 Bg4 9. d5 Nd4 10. O-O Qf6 11. Rb1 Nxf3+ 12. Nxf3 Bxf3 13. Qxf3 Qxf3 14.
gxf3 a6 15. a4 Nf6 16. Rfe1 O-O 17. b4 b6 18. b5 a5 19. f4 Rae8 20. e5 Ng4 21.
h3 Nh6 22. e6 fxe6 23. Rxe6 Nf5 24. Rbe1 Rxe6 25. dxe6 Ne7 26. Re4 d5 27. Bxd5
Nxd5 28. Re5 Ne7 29. Re4 g6 30. Kg2 Re8 31. Kg3 Kg7 32. Kg4 Kf6 33. Rc4 Nd5 34.
Rd4 Kxe6 35. Re4+ Kf7 36. Rxe8 Kxe8 37. f5 Kf7 38. fxg6+ Kxg6 39. f4 Nc3 40. h4
Nxa4 41. f5+ Kf6 42. h5 Nc5 43. Kf4 a4 {White resigns} 0-1  aics%

[Event "Team 45 45 League T31"]
[Site "Internet Chess Club"]
[Date "2006.06.30"]
[Round "1"]
[White "fmvgvg"]
[Black "Loco-Motif"]
[Result "1-0"]
[WhiteElo "2016"]
[BlackElo "1922"]
[TimeControl "2700+45"]

1. e4 e5 2. Nf3 Nf6 3. Nxe5 d6 4. Nf3 Nxe4 5. Qe2 Qe7 6. d3 Nf6 7. Bg5 Qxe2+ 8.
Bxe2 Be7 9. Nc3 c6 10. O-O O-O 11. Rfe1 Nd5 12. Nxd5 Bxg5 13. Nc7 {Black
resigns} 1-0  aics%

[Event "Team 45 45 League T31"]
[Site "Internet Chess Club"]
[Date "2006.06.28"]
[Round "1"]
[White "martineden"]
[Black "PiedraBuena"]
[Result "1-0"]
[WhiteElo "1923"]
[BlackElo "1732"]
[TimeControl "2700+45"]

1. d4 Nf6 2. c4 g6 3. g3 d5 4. Bg2 Bg7 5. Nf3 O-O 6. cxd5 Nxd5 7. O-O c6 8. Nc3
Nd7 9. e4 Nxc3 10. bxc3 e5 11. Be3 exd4 12. cxd4 Nb6 13. Qc2 f5 14. Qb3+ Kh8 15.
e5 Qd5 16. Qb4 Be6 17. Ng5 Qd7 18. Nxe6 Qxe6 19. Bg5 Rf7 20. Rfe1 Bf8 21. Qb3
Qxb3 22. axb3 Be7 23. e6 Rg7 24. Bd2 a6 25. Ba5 Nd5 26. Bxd5 cxd5 27. Re5 Bf6
28. Rxd5 Re8 29. Re1 Rgg8 30. Rd7 Rg7 31. Rxg7 Kxg7 32. d5 Be7 33. Bc7 Bb4 34.
Re2 Kf6 35. d6 Bxd6 36. Bxd6 Rxe6 37. Rxe6+ Kxe6 38. Bc5 Kd5 39. b4 Kc4 40. Bf8
b6 41. f4 a5 42. bxa5 bxa5 43. Kf2 a4 44. Ke3 Kb3 45. Kd4 a3 46. Bxa3 Kxa3 47.
Ke5 Kb4 48. Kf6 Kc5 49. Kg7 g5 50. fxg5 Kd5 51. Kxh7 {Black resigns} 1-0  aics%

[Event "Team 45 45 League T31"]
[Site "Internet Chess Club"]
[Date "2006.06.24"]
[Round "1"]
[White "chipionero"]
[Black "Sean"]
[Result "1/2-1/2"]
[WhiteElo "1716"]
[BlackElo "1665"]
[TimeControl "2700+45"]

1. d4 Nf6 2. c4 g6 3. Nc3 Bg7 4. e4 d6 5. Nf3 O-O 6. Be2 e5 7. d5 Na6 8. Bg5 h6
9. Bh4 g5 10. Bg3 Nxe4 11. Nxe4 f5 12. Ned2 f4 13. Ne4 Bf5 14. Nfd2 Nc5 15. f3
fxg3 16. Nxc5 dxc5 17. hxg3 Qd6 18. Ne4 Bxe4 19. fxe4 Qg6 20. Qd3 g4 21. O-O-O
Rf2 22. Rh2 h5 23. Rdh1 Qg5+ 24. Qd2 Qxd2+ 25. Kxd2 Raf8 26. Rxh5 Rxg2 27. R1h2
Rff2 28. Rxg2 Rxg2 29. Rg5 Rxg3 30. Rxg4 Rxg4 31. Bxg4 Kf7 32. Kc3 Ke7 33. a3 a5
34. b4 axb4+ 35. axb4 b6 36. bxc5 bxc5 37. Kb3 Bf8 38. Ka4 Kf6 39. Kb5 Kg5 40.
Bf5 Kf4 41. Bg6 Ke3 42. Bf5 Kd4 43. Bg6 Bd6 {Game drawn by mutual agreement}
1/2-1/2  aics%

[Event "Team 45 45 League T31"]
[Site "Internet Chess Club"]
[Date "2006.06.24"]
[Round "1"]
[White "Spady"]
[Black "egd01"]
[Result "0-1"]
[WhiteElo "1575"]
[BlackElo "1459"]
[TimeControl "2700+45"]

1. e4 c5 2. Nf3 d6 3. d4 cxd4 4. Nxd4 Nf6 5. Nc3 a6 6. f3 e5 7. Nb3 Be6 8. Be3
Nbd7 9. g4 Nb6 10. g5 Nh5 11. Nd5 Nxd5 12. exd5 Bf5 13. Bd3 Bg6 14. Qd2 Be7 15.
Bxg6 hxg6 16. O-O-O f6 17. Rdg1 f5 18. f4 exf4 19. Bxf4 Nxf4 20. Qxf4 Rc8 21.
Nd4 Qa5 22. Qf3 Qxa2 23. Ne6 Qa1+ 24. Kd2 Qxb2 25. Qb3 Qxb3 26. cxb3 Kf7 27. h4
Bd8 28. Kd3 Ba5 29. Ke2 Rc2+ 30. Kd1 Rhc8 31. Nd4 Rd2+ {White resigns} 0-1 
aics%

[Event "Team 45 45 League T31"]
[Site "Internet Chess Club"]
[Date "2006.06.24"]
[Round "1"]
[White "Zornorph"]
[Black "Boromir"]
[Result "1-0"]
[WhiteElo "1961"]
[BlackElo "1909"]
[TimeControl "2700+45"]

1. g3 d5 2. Bg2 Nf6 3. Nf3 c6 4. O-O g6 5. d3 Bg7 6. Nbd2 O-O 7. c4 e6 8. Qc2
Nbd7 9. b3 Qe7 10. Bb2 Nb6 11. h3 dxc4 12. bxc4 Nh5 13. a4 Bxb2 14. Qxb2 Qc7 15.
Rfb1 Rb8 16. a5 Nd7 17. Qd4 c5 18. Qh4 Qd8 19. Ne4 Qxh4 20. Nxh4 b6 21. Nd6 Rd8
22. a6 Ndf6 23. Nb5 Rd7 24. Nf3 {Black resigns} 1-0  aics%

[Event "Team 45 45 League T31"]
[Site "Internet Chess Club"]
[Date "2006.06.27"]
[Round "1"]
[White "MrShaw"]
[Black "Katzie"]
[Result "1-0"]
[WhiteElo "1740"]
[BlackElo "1816"]
[TimeControl "2700+45"]

1. e4 c5 2. Nf3 Nc6 3. d4 cxd4 4. Nxd4 Nf6 5. Nc3 g6 6. Be3 Bg7 7. f3 O-O 8. Qd2
a6 9. O-O-O Qa5 10. Bc4 b5 11. Bb3 Bb7 12. g4 Rab8 13. h4 Ne5 14. Qe2 Bc6 15.
Bf4 Ne8 16. h5 e6 17. hxg6 fxg6 18. Qh2 b4 19. Nxe6 dxe6 20. Bxe6+ Rf7 21. Nd5
Bxd5 22. Rxd5 Qxa2 23. Bxe5 Kf8 24. Bd6+ Nxd6 25. Qxd6+ Re7 26. Qxb8+ Re8 27.
Qxb4+ Re7 28. Rd8# {Black checkmated} 1-0  aics%

[Event "Team 45 45 League T31"]
[Site "Internet Chess Club"]
[Date "2006.06.24"]
[Round "1"]
[White "kabindra"]
[Black "mickeys"]
[Result "0-1"]
[WhiteElo "1822"]
[BlackElo "1740"]
[TimeControl "2700+45"]

1. e4 e6 2. d4 d5 3. Nc3 Bb4 4. Qd3 dxe4 5. Qxe4 Nf6 6. Qh4 Nd5 7. Qxd8+ Kxd8 8.
Bd2 Nxc3 9. bxc3 Be7 10. Nf3 Nd7 11. Bd3 h6 12. O-O b6 13. Be4 Rb8 14. c4 Nf6
15. Bc6 Ba6 16. Ne5 Rf8 17. Rfd1 Bd6 18. Bc3 Bb7 19. Ba4 Kc8 20. d5 Ne4 21. Bb2
Bc5 22. Nd7 Rd8 23. Nxb8 Kxb8 24. Bd4 exd5 25. cxd5 Bxd4 26. Rxd4 Nc3 27. Re1 c5
28. Rf4 b5 29. Bb3 c4 30. Bxc4 bxc4 31. Rxc4 Nxd5 32. a4 Nf6 33. f3 Rd2 34. Rb1
Ka8 35. Rc7 Rd7 36. Rc5 a6 37. a5 Nd5 38. c4 Nc3 39. Re1 Na4 40. Rce5 Nb2 41.
Re8+ Ka7 42. Rc1 Bc6 43. Rc8 Bb7 44. Rg8 f6 45. c5 Bc6 46. Rc8 Kb7 47. Rg8 Kc7
48. h3 Nd3 49. Rc3 Ne5 50. f4 Nd3 51. Rb3 Nxf4 52. Rbb8 Bb7 53. Kh2 Rd2 54. Kg3
g5 55. c6 Rxg2+ 56. Kf3 Bxc6+ 57. Ke3 Re2+ 58. Kd4 Re4+ 59. Kc3 Nd5+ 60. Kd3 Ne7
61. Rh8 Rh4 62. Rb6 Rxh3+ 63. Kd2 Rh2+ 64. Ke1 Nc8 65. Rxa6 Re2+ 66. Kxe2 Bb5+
67. Ke3 Bxa6 68. Rxh6 Ne7 69. Kd4 Nf5+ {White resigns} 0-1  aics%

[Event "Team 45 45 League T31"]
[Site "Internet Chess Club"]
[Date "2006.06.26"]
[Round "1"]
[White "pokerram"]
[Black "Two-DogMan"]
[Result "0-1"]
[WhiteElo "1676"]
[BlackElo "1520"]
[TimeControl "2700+45"]

1. e4 e5 2. Nf3 d6 3. Bc4 Nf6 4. d3 Be7 5. c3 O-O 6. O-O Nbd7 7. Re1 c6 8. Bb3
Qb6 9. Be3 c5 10. Nbd2 Ng4 11. d4 Nxe3 12. fxe3 cxd4 13. exd4 Bf6 14. Nc4 Qc7
15. Rc1 b5 16. Ne3 Bb7 17. Bd5 Bxd5 18. Nxd5 Qd8 19. Qb3 a6 20. Qd1 Nb6 21. Nxb6
Qxb6 22. Kh1 Qd8 23. Qe2 Qe7 24. d5 h6 25. b4 Bg5 26. Nxg5 hxg5 27. c4 bxc4 28.
Rxc4 f5 29. Rec1 fxe4 30. Rxe4 Rf4 31. Rec4 Qb7 32. Rc7 Qxb4 33. Rc8+ Rxc8 34.
Rxc8+ Rf8 35. Rc1 g4 36. g3 Qa3 37. Qxg4 Qxc1+ {White resigns} 0-1  aics%

[Event "Team 45 45 League T31"]
[Site "Internet Chess Club"]
[Date "2006.06.26"]
[Round "1"]
[White "frenchmen"]
[Black "AlPearson"]
[Result "0-1"]
[WhiteElo "1435"]
[BlackElo "1418"]
[TimeControl "2700+45"]

1. e4 e6 2. d4 d5 3. Nc3 Nf6 4. e5 Nfd7 5. Nf3 c5 6. Nb5 cxd4 7. Bd3 Nc6 8. Nd6+
Bxd6 9. exd6 Nf6 10. Bg5 Qxd6 11. Bxf6 gxf6 12. O-O e5 13. Bb5 Bg4 14. Qe2 a6
15. Bd3 Kd7 16. h3 Bxf3 17. Qxf3 Rag8 18. Bf5+ Kc7 19. Qb3 Ne7 20. Bg4 Ng6 21.
a4 h5 22. Bf5 Nh4 23. Bd3 Nf3+ {White resigns} 0-1  aics%

[Event "Team 45 45 League T31"]
[Site "Internet Chess Club"]
[Date "2006.06.24"]
[Round "1"]
[White "Rubacchus"]
[Black "sdcohle"]
[Result "0-1"]
[WhiteElo "1277"]
[BlackElo "1369"]
[TimeControl "2700+45"]

1. e4 c5 2. Nf3 d6 3. d4 cxd4 4. Qxd4 Nc6 5. Bb5 Bd7 6. Bxc6 Bxc6 7. Nc3 Nf6 8.
Bg5 e5 9. Qd3 Be7 10. O-O-O O-O 11. h4 h6 12. Bd2 Ng4 13. Be3 Qa5 14. a3 a6 15.
Nd5 Bxd5 16. Qxd5 Qc7 17. h5 Nf6 18. Qd3 Qc6 19. Rh4 Nd7 20. Rg4 Nf6 21. Rh4
Rac8 22. Rf1 Rfd8 23. Bg5 hxg5 24. Nxg5 Nh7 25. Rg4 Bxg5+ 26. Kb1 Rd7 27. c3 b5
28. g3 Qc4 29. Qxc4 Rxc4 30. f4 exf4 31. gxf4 Rxe4 32. fxg5 Rxg4 33. Rf5 Rxg5
34. Rxg5 Nxg5 35. Ka2 f5 {White resigns} 0-1  aics%

[Event "Team 45 45 League T31"]
[Site "Internet Chess Club"]
[Date "2006.06.22"]
[Round "1"]
[White "furrbrain"]
[Black "t-hobbes"]
[Result "0-1"]
[WhiteElo "1160"]
[BlackElo "1268"]
[TimeControl "2700+45"]

1. e4 e5 2. Nf3 Nc6 3. Bc4 Nf6 4. Nc3 Bc5 5. O-O O-O 6. d3 h6 7. a3 a6 8. b4 Ba7
9. Bb2 d6 10. h3 Bd7 11. Ne2 Qc8 12. d4 Nxe4 13. Bd3 d5 14. dxe5 Re8 15. Nf4 Ng3
16. Re1 g5 17. Nxd5 Bxh3 18. Nf6+ Kf8 19. Kh2 Bxf2 20. gxh3 Re7 21. Nh7+ Kg7 22.
e6+ f6 23. Bxf6+ Kg8 24. Bxe7 Nxe7 25. Nf6+ Kh8 26. Nd4 Qf8 27. Qf3 Bxe1 28.
Rxe1 Rd8 29. Kxg3 Rxd4 30. Re4 Rd6 31. Nh5 Nf5+ 32. Kg4 Rd5 33. e7 Qe8 34. Nf6
h5+ 35. Kxg5 Nd4+ 36. Kh6 Rd6 37. Rxd4 Qxe7 38. Kg5 Qg7+ 39. Kxh5 Rxd4 40. Qf5
Qf7+ 41. Qg6 Qxg6+ 42. Bxg6 Rd6 43. Kg5 Rc6 44. h4 Rc3 45. h5 Rg3+ 46. Ng4 Rxa3
47. Nh6 Rg3+ 48. Kf6 Rf3+ 49. Bf5 Rf2 50. Nf7+ Kg8 51. h6 Rxf5+ 52. Kxf5 Kxf7
53. Kg5 b6 54. Kf5 a5 55. bxa5 bxa5 56. c3 a4 57. Ke4 a3 58. Kd3 a2 59. Kc2 a1=Q
60. h7 Kg7 61. c4 Kxh7 62. Kb3 Kg6 63. c5 Qa6 64. Kb4 Kf6 65. c6 Qxc6 66. Ka5
Qc3+ 67. Kb5 Ke6 68. Ka4 Kd6 69. Kb5 Qc2 70. Ka6 Kc6 71. Ka5 Qe4 72. Ka6 Qa4#
{White checkmated} 0-1  aics%

[Event "Team 45 45 League T31"]
[Site "Internet Chess Club"]
[Date "2006.06.25"]
[Round "1"]
[White "AtomicDog"]
[Black "carolinaknight"]
[Result "0-1"]
[WhiteElo "1183"]
[BlackElo "1307"]
[TimeControl "2700+45"]

1. d4 e6 2. c4 Nf6 3. Qb3 Nc6 4. Nf3 Bb4+ 5. Bd2 Bxd2+ 6. Nbxd2 Qe7 7. a3 O-O 8.
e3 b6 9. Bd3 Bb7 10. O-O e5 11. Bc2 Na5 12. Qc3 Bxf3 13. Nxf3 e4 14. Ng5 h6 15.
b4 Nc6 16. d5 Ne5 17. Nxe4 Nxe4 18. Bxe4 Qf6 19. Qc2 d6 20. Bh7+ Kh8 21. Qe4 g6
22. f4 Nd7 23. f5 g5 24. Bg6 Rae8 25. Qd3 Ne5 26. Qe2 fxg6 27. fxg6 Qxg6 28. e4
Rf4 29. Rae1 Nf7 30. Qb2+ Kh7 31. c5 Ne5 32. Qc3 Rxe4 33. cxd6 Rc4 34. Qe3 cxd6
35. h3 Rf4 36. Rxf4 gxf4 37. Qe4 f3 38. Qxg6+ Kxg6 39. gxf3 Nxf3+ {White
resigns} 0-1  aics%

[Event "Team 45 45 League T31"]
[Site "Internet Chess Club"]
[Date "2006.06.23"]
[Round "1"]
[White "Just-Jim"]
[Black "Traho"]
[Result "0-1"]
[WhiteElo "1363"]
[BlackElo "1385"]
[TimeControl "2700+45"]

1. e4 c6 2. Bc4 d5 3. exd5 cxd5 4. Bb3 Nf6 5. d4 Bf5 6. Nc3 e6 7. a3 Nc6 8. Nf3
Be7 9. Nh4 Bg6 10. Nxg6 hxg6 11. Bg5 Rc8 12. Ba4 a6 13. O-O b5 14. Bb3 Na5 15.
Ba2 Nc4 16. Bxc4 Rxc4 17. Qf3 Qc8 18. Rfe1 Rc7 19. Bxf6 gxf6 20. Re3 f5 21. Rae1
Qb7 22. Re5 Kf8 23. R5e3 Kg7 24. h3 Bf6 25. Ne2 Rxc2 26. b4 Qb6 27. g4 Bxd4 28.
Nxd4 Qxd4 29. gxf5 Qf6 30. fxe6 Qxf3 31. Rxf3 f6 32. e7 Re8 33. Re6 Rc7 34.
Rfxf6 Rcxe7 35. Rxg6+ Kf8 36. Rxa6 Kf7 37. Rg5 Re6 38. Rxd5 Rxa6 39. Rd3 Rae6
40. Kg2 Re5 41. f4 Re3 42. Rd7+ R8e7 43. Rxe7+ Rxe7 44. Kg3 Re3+ 45. Kg4 Rxa3
46. h4 Ra6 47. h5 Kf6 48. f5 Ra7 49. h6 Rh7 50. Kf4 Rxh6 51. Ke4 {White resigns}
0-1  aics%

[Event "Team 45 45 League T31"]
[Site "Internet Chess Club"]
[Date "2006.06.25"]
[Round "1"]
[White "slakkjaw"]
[Black "fabill"]
[Result "0-1"]
[WhiteElo "1287"]
[BlackElo "1148"]
[TimeControl "2700+45"]

1. d4 e6 2. c4 Nf6 3. Nc3 a6 4. Nf3 h6 5. e4 d6 6. Bd3 Be7 7. h3 Nbd7 8. Be3 c5
9. d5 e5 10. Qd2 O-O 11. Bxh6 gxh6 12. Qxh6 Nh7 13. h4 Ndf6 14. g4 Nxg4 15. Rg1
Kh8 16. Ng5 Nxh6 17. O-O-O Ng4 18. Rxg4 Bxg4 19. Rg1 Bd7 20. Be2 f6 21. Nf3 Rg8
22. Rh1 Qa5 23. Kb1 Rab8 24. h5 b5 25. Nh4 f5 26. exf5 bxc4 27. Bxc4 Bb5 28.
Ng6+ Rxg6 29. hxg6 Bf6 30. Rxh7+ Kg8 31. Rf7 Rf8 32. Ne4 Rxf7 33. gxf7+ Kxf7 34.
Nxd6+ Ke7 35. Ne4 Qe1+ 36. Kc2 Bxc4 37. d6+ Kf7 38. Nd2 Bb5 39. Ne4 Qxe4+ {White
resigns} 0-1  aics%

[Event "Team 45 45 League T31"]
[Site "Internet Chess Club"]
[Date "2006.06.23"]
[Round "1"]
[White "Renato77"]
[Black "wellfred"]
[Result "1-0"]
[WhiteElo "1223"]
[BlackElo "1098"]
[TimeControl "2700+45"]

1. e4 e5 2. Nf3 Nc6 3. Bb5 Nd4 4. Nc3 c6 5. Bc4 d6 6. d3 h6 7. Be3 Nxf3+ 8. Qxf3
Nf6 9. O-O-O Bg4 10. Qg3 Bxd1 11. Rxd1 Nh5 12. Qf3 Nf6 13. d4 Qa5 14. dxe5 Qxe5
15. Bf4 Qh5 16. Qd3 O-O-O 17. e5 Ng4 18. exd6 Bxd6 19. Bxd6 Qg5+ 20. Kb1 Nxf2
21. Ne4 Nxd3 22. Nxg5 hxg5 23. Rxd3 Rhe8 24. b4 Re2 25. g4 Re4 26. Bxf7 Rxd6 27.
Rxd6 Rxb4+ 28. Kc1 Rxg4 29. Be6+ Kc7 30. Rd3 Rf4 31. h3 b6 32. Rg3 Rf6 33. Bb3
Rh6 34. Rxg5 Rxh3 35. Rxg7+ Kb8 36. Be6 Re3 37. Rg8+ Kc7 38. Bf5 a5 39. Rg7+ Kd6
40. Rd7+ Kc5 41. Rh7 Re5 42. Bd3 b5 43. Kd1 a4 44. a3 Kd4 45. Kd2 Rc5 46. c3+
Rxc3 47. Rh4+ Kc5 48. Kxc3 Kb6 49. Rh6 Kc5 50. Rh5+ Kb6 51. Kb4 Kc7 52. Rc5 Kb6
53. Be4 Ka6 54. Rxc6+ Kb7 55. Rc5+ Kb6 56. Rxb5+ Ka6 57. Kxa4 Ka7 58. Bf5 Ka6
59. Rb1 Ka7 60. Ka5 Ka8 61. Be4+ Ka7 62. Rb7+ Ka8 63. Rb6+ Ka7 64. Rd6 Kb8 65.
Ka6 Kc7 66. Rc6+ Kd7 67. Kb6 Ke7 68. a4 Kd7 69. a5 Ke7 70. a6 Kd7 71. a7 Kd8 72.
a8=Q+ Kd7 73. Qb7+ Kd8 74. Rc8# {Black checkmated} 1-0  aics%

[Event "Team 45 45 League T31"]
[Site "Internet Chess Club"]
[Date "2006.06.24"]
[Round "1"]
[White "jazzpiano"]
[Black "qs16"]
[Result "1-0"]
[WhiteElo "1734"]
[BlackElo "1665"]
[TimeControl "2700+45"]

1. e4 c5 2. d4 cxd4 3. c3 d6 4. cxd4 Nf6 5. Nc3 e6 6. Bd3 Be7 7. Nf3 a6 8. O-O
Nbd7 9. Re1 e5 10. d5 Nc5 11. Bc2 Bg4 12. b4 Ncd7 13. a4 Rc8 14. Qd3 Qc7 15. Bd2
Nb6 16. a5 Nc4 17. Ba4+ Kf8 18. Rec1 Bxf3 19. gxf3 Nxd2 20. Qxd2 Qd8 21. Ne2 h6
22. Rxc8 Qxc8 23. Rc1 Qd8 24. Qc2 g6 25. Qc8 Nh5 26. Qxd8+ Bxd8 27. Rc8 Kg7 28.
Rb8 Bf6 29. Rxb7 Nf4 30. Nxf4 exf4 31. Rb6 Bc3 32. Rxd6 Rb8 33. Rxa6 Rxb4 34.
Bc6 Bd4 35. d6 Rb2 36. d7 Bxf2+ 37. Kf1 Bh4 38. Ra8 Rc2 39. Bd5 Bf6 40. d8=Q
Rc1+ 41. Ke2 Rc2+ 42. Kd1 Bxd8 43. Kxc2 Bxa5 44. Rxa5 Kf6 45. Bxf7 Kxf7 46. Ra6
h5 47. Kd3 h4 48. e5 g5 49. Ke4 g4 50. fxg4 f3 51. Kxf3 {Black resigns} 1-0 
aics%

[Event "Team 45 45 League T31"]
[Site "Internet Chess Club"]
[Date "2006.06.25"]
[Round "1"]
[White "hansolo1000"]
[Black "TheBrewer"]
[Result "0-1"]
[WhiteElo "1680"]
[BlackElo "1642"]
[TimeControl "2700+45"]

1. d4 d5 2. c4 dxc4 3. Nc3 e5 4. e3 exd4 5. exd4 Nf6 6. Bxc4 Bb4 7. Bxf7+ Kxf7
8. Qb3+ Nd5 9. Nf3 Re8+ 10. Ne5+ Kg8 11. O-O Bxc3 12. bxc3 c6 13. c4 Nb6 14. a4
Qxd4 15. Bb2 Qc5 16. Rad1 Be6 17. Bd4 Qe7 18. f4 N8d7 19. Rc1 Nxe5 20. Bxe5 Qf7
{White resigns} 0-1  aics%

[Event "Team 45 45 League T31"]
[Site "Internet Chess Club"]
[Date "2006.06.24"]
[Round "1"]
[White "BrerRabbit"]
[Black "GadsHill"]
[Result "1-0"]
[WhiteElo "1626"]
[BlackElo "1524"]
[TimeControl "2700+45"]

1. d4 d6 2. c4 g6 3. e4 Bg7 4. Nc3 Nc6 5. Be3 e5 6. d5 Nce7 7. c5 f5 8. cxd6
cxd6 9. Qa4+ Kf8 10. Qa3 Nf6 11. exf5 gxf5 12. O-O-O a6 13. Bg5 Kf7 14. Nf3 Qc7
15. Nxe5+ dxe5 16. d6 Qc6 17. dxe7 Be6 18. f3 Rac8 19. Kb1 h6 20. Bh4 b5 21. Qb4
Rhe8 22. Bd3 Rxe7 23. Rhe1 Qc5 24. Qxc5 Rxc5 25. Bf2 Rc8 26. Bg3 Nd7 27. Bc2 f4
28. Bh4 Bf6 29. Bxf6 Kxf6 30. Rd6 Kf7 31. Rxa6 b4 32. Ne4 Bc4 33. Nd6+ Kf8 34.
Nxc8 Bxa6 35. Nxe7 Kxe7 36. Bf5 Nc5 37. Rxe5+ {Black resigns} 1-0  aics%

[Event "Team 45 45 League T31"]
[Site "Internet Chess Club"]
[Date "2006.06.22"]
[Round "1"]
[White "Aziraphale"]
[Black "jharris8000"]
[Result "1-0"]
[WhiteElo "1520"]
[BlackElo "1376"]
[TimeControl "2700+45"]

1. e4 e6 2. d4 d5 3. exd5 exd5 4. Nc3 Nf6 5. Be2 Be7 6. Nf3 Bf5 7. Bd3 Bxd3 8.
Qxd3 O-O 9. O-O c5 10. b3 Nbd7 11. Re1 Re8 12. Ba3 a6 13. Na4 Qa5 14. Qd2 Qxd2
15. Nxd2 Rac8 16. c3 b5 17. Nxc5 Bxc5 18. Rxe8+ Rxe8 19. dxc5 Re2 20. Nf3 Nb8
21. Nd4 Re8 22. c6 Rc8 23. Re1 Nxc6 24. Nxc6 Rxc6 25. Bb4 Re6 26. Kf1 g5 27. Ra1
Kg7 28. a4 bxa4 29. Rxa4 Ne4 30. c4 d4 31. f3 Nc3 32. Bxc3 dxc3 33. Ra1 Rb6 34.
Ke2 Rxb3 35. Kd3 Rb6 36. Kxc3 Re6 37. Ra2 Kf8 38. c5 Ke8 39. Rd2 Re5 40. Kc4 a5
41. c6 Re7 42. Kb5 Rc7 43. Kb6 Re7 44. c7 {Black resigns} 1-0  aics%

[Event "Team 45 45 League T31"]
[Site "Internet Chess Club"]
[Date "2006.06.24"]
[Round "1"]
[White "Knight77"]
[Black "MPknight"]
[Result "1/2-1/2"]
[WhiteElo "1806"]
[BlackElo "1644"]
[TimeControl "2700+45"]

1. Nf3 Nf6 2. g3 g6 3. Bg2 Bg7 4. O-O O-O 5. d3 d5 6. Nbd2 Nbd7 7. Re1 Re8 8. e4
dxe4 9. Nxe4 Rb8 10. c3 b6 11. Nd4 Bb7 12. Nxf6+ Bxf6 13. Bxb7 Rxb7 14. Qf3 Qc8
15. Nc6 Nb8 16. Bh6 Nxc6 17. Qxc6 e6 18. Qf3 Bg7 19. Bxg7 Kxg7 20. h4 h5 21. g4
hxg4 22. Qxg4 Rh8 23. Re3 Qd8 24. Rh3 Rh5 25. Re1 Qd5 26. Rg3 Qf5 27. Qd4+ Qf6
28. Qxf6+ Kxf6 29. Re4 c5 30. Kg2 Rd7 31. Rf3+ Rf5 32. Rfe3 Rdd5 33. f4 e5 34.
c4 Rd4 35. fxe5+ Ke6 36. Rxd4 cxd4 37. Re4 Rxe5 38. Rxd4 Re2+ 39. Kf3 Rxb2 40.
Re4+ Kf6 41. Rf4+ Kg7 42. d4 Rxa2 43. d5 f5 44. h5 Ra3+ 45. Ke2 Ra2+ 46. Kd3 Rh2
47. hxg6 Kxg6 48. Kd4 Kf6 49. Rf3 Rh4+ 50. Kc3 Ke5 51. Re3+ Re4 52. Rh3 b5 53.
cxb5 Kxd5 54. Rh7 Kc5 55. Rxa7 Kxb5 {Game drawn by mutual agreement} 1/2-1/2 
aics%

[Event "Team 45 45 League T31"]
[Site "Internet Chess Club"]
[Date "2006.06.26"]
[Round "1"]
[White "charles-allen"]
[Black "tammany"]
[Result "1-0"]
[WhiteElo "1614"]
[BlackElo "1595"]
[TimeControl "2700+45"]

1. e4 c5 2. Nf3 d6 3. d4 cxd4 4. c3 dxc3 5. Nxc3 Nc6 6. Bc4 e6 7. O-O Be7 8. Qe2
a6 9. Rd1 b5 10. Bb3 Qc7 11. Bf4 Nf6 12. Rac1 O-O 13. e5 dxe5 14. Nxe5 Nxe5 15.
Nd5 Qa7 16. Rc7 Qb8 17. Nxe7+ Kh8 18. Bxe5 Qb6 19. Nxc8 Raxc8 20. Rdc1 Rxc7 21.
Rxc7 Ne8 22. Rc8 Qb7 23. Rd8 Qe7 24. Qd2 Qc5 25. Bd6 {Black resigns} 1-0  aics%